General information
			
			
        
        - name: BNet
 
        - type: Ladder team game (AT/RT)
 
        - host: Battle.net
 
        - saver: towerrushorquit
 
        
map: Slalom 
        - players: 8
 
        - length: 73:15
 
        - speed: Fast
 - version: 1.22 W3XP
 - replay type:  Public
 
» download(392 KB)
Players
        team 1 (winner) 
              
              
towerrushorquit (
yellow | 52 APM | 3803 actions | 73:15)
              
 6 Archmage 
 3 Blizzard
 1 Summon Water Elemental
 1 Brilliance Aura
 1 Mass Teleport
 6 Blademaster 
 1 Wind Walk
 2 Critical Strike
 1 Bladestorm
 2 Mirror Image
 1 Mountain King 
 1 Storm Bolt
 
                » actions 
                
                | Assign group hotkey | 25 |  | 
| Basic commands | 59 |  | 
| Build / train | 225 |  | 
| ESC pressed | 21 |  | 
| Enter build submenu | 114 |  | 
| Enter hero's abilities submenu | 13 |  | 
| Give item / drop item | 10 |  | 
| Right click | 1641 |  | 
| Select / deselect | 525 |  | 
| Select group hotkey | 604 |  | 
| Use ability | 566 |  | 
                3803 total
 » units 
                
                | Peasant | 44 |  | 
| Troll Batrider | 17 |  | 
| Sorceress | 2 |  | 
| Spell Breaker | 2 |  | 
| Gryphon Rider | 3 |  | 
                68 total
 » upgrades
                
                | Masonry | 3 |  | 
| Lumber Harvesting | 2 |  | 
| Magic Sentry | 1 |  | 
| Liquid Fire | 1 |  | 
| Sorceress Training | 1 |  | 
| Storm Hammers | 1 |  | 
                9 total
 » buildings
                
                | Altar of Kings | 1 |  | 
| Farm | 15 |  | 
| Lumber Mill | 2 |  | 
| Scout Tower | 213 |  | 
| Guard Tower | 73 |  | 
| Keep | 1 |  | 
| Town Hall | 4 |  | 
| Castle | 1 |  | 
| Arcane Vault | 2 |  | 
| Arcane Sanctum | 2 |  | 
| Beastiary | 3 |  | 
| Voodoo Lounge | 1 |  | 
| Orc Burrow | 1 |  | 
| Gryphon Aviary | 6 |  | 
| Blacksmith | 1 |  | 
                326 total
 » build order
                00:24 Altar of Kings
00:34 Farm
00:49 Lumber Mill
01:22 Farm
02:19 Scout Tower
02:19 Scout Tower
02:33 Farm
02:47 Guard Tower
02:50 Scout Tower
02:51 Scout Tower
03:41 Guard Tower
03:43 Scout Tower
03:44 Scout Tower
04:01 Scout Tower
04:02 Scout Tower
04:07 Keep
04:17 Guard Tower
04:19 Scout Tower
04:21 Scout Tower
04:31 Guard Tower
04:32 Scout Tower
04:34 Scout Tower
04:48 Guard Tower
04:52 Scout Tower
04:54 Scout Tower
04:56 Guard Tower
05:35 Guard Tower
05:37 Scout Tower
05:38 Scout Tower
05:41 Scout Tower
05:42 Guard Tower
06:04 Scout Tower
06:05 Scout Tower
06:13 Town Hall
06:16 Guard Tower
06:19 Scout Tower
06:22 Scout Tower
06:27 Guard Tower
06:28 Guard Tower
06:28 Guard Tower
06:52 Guard Tower
06:55 Scout Tower
06:57 Scout Tower
07:02 Guard Tower
07:04 Guard Tower
07:12 Scout Tower
07:33 Guard Tower
07:36 Scout Tower
07:37 Scout Tower
07:47 Scout Tower
07:48 Guard Tower
08:34 Guard Tower
08:35 Scout Tower
08:36 Scout Tower
08:38 Scout Tower
08:38 Scout Tower
08:39 Scout Tower
08:41 Guard Tower
09:21 Castle
09:23 Scout Tower
09:23 Scout Tower
10:00 Guard Tower
10:04 Scout Tower
10:06 Scout Tower
10:10 Guard Tower
10:12 Scout Tower
10:13 Scout Tower
10:29 Arcane Vault
10:36 Guard Tower
10:42 Arcane Vault
10:49 Scout Tower
10:51 Scout Tower
10:52 Scout Tower
10:52 Scout Tower
10:57 Scout Tower
10:58 Scout Tower
10:59 Scout Tower
11:00 Scout Tower
11:24 Town Hall
11:30 Scout Tower
11:31 Scout Tower
11:32 Scout Tower
11:33 Scout Tower
11:45 Guard Tower
12:09 Guard Tower
12:12 Guard Tower
12:28 Guard Tower
12:31 Guard Tower
12:47 Scout Tower
12:50 Guard Tower
13:07 Scout Tower
13:08 Guard Tower
13:13 Scout Tower
13:14 Scout Tower
13:18 Scout Tower
13:20 Scout Tower
13:20 Scout Tower
13:21 Scout Tower
13:36 Guard Tower
13:37 Guard Tower
13:39 Scout Tower
13:40 Scout Tower
14:05 Guard Tower
14:08 Scout Tower
14:10 Scout Tower
14:13 Scout Tower
14:15 Scout Tower
14:15 Scout Tower
14:28 Guard Tower
14:37 Guard Tower
14:39 Scout Tower
14:40 Scout Tower
14:40 Scout Tower
14:41 Scout Tower
14:42 Scout Tower
14:43 Scout Tower
14:44 Scout Tower
14:45 Scout Tower
14:46 Scout Tower
14:47 Scout Tower
15:13 Guard Tower
15:16 Scout Tower
15:16 Scout Tower
15:17 Scout Tower
15:17 Scout Tower
15:19 Scout Tower
15:19 Scout Tower
15:23 Scout Tower
15:24 Scout Tower
15:26 Scout Tower
15:27 Scout Tower
15:30 Guard Tower
16:00 Guard Tower
16:02 Guard Tower
16:37 Guard Tower
16:47 Guard Tower
16:49 Scout Tower
16:49 Scout Tower
16:50 Scout Tower
16:50 Scout Tower
16:52 Scout Tower
16:52 Scout Tower
16:53 Scout Tower
16:53 Scout Tower
16:56 Guard Tower
17:08 Scout Tower
17:09 Scout Tower
17:10 Scout Tower
17:11 Scout Tower
17:11 Scout Tower
17:12 Scout Tower
17:12 Scout Tower
17:13 Scout Tower
17:13 Scout Tower
17:32 Scout Tower
17:33 Scout Tower
17:34 Scout Tower
17:35 Scout Tower
17:36 Guard Tower
18:03 Guard Tower
18:09 Guard Tower
18:29 Guard Tower
18:48 Arcane Sanctum
18:50 Scout Tower
18:51 Scout Tower
18:51 Scout Tower
18:51 Scout Tower
18:52 Scout Tower
18:53 Scout Tower
18:53 Scout Tower
19:27 Guard Tower
19:40 Guard Tower
19:54 Guard Tower
20:25 Guard Tower
20:39 Guard Tower
20:45 Scout Tower
20:45 Scout Tower
20:45 Scout Tower
21:01 Scout Tower
21:01 Scout Tower
21:02 Scout Tower
21:02 Scout Tower
21:20 Guard Tower
21:22 Scout Tower
21:23 Scout Tower
21:23 Scout Tower
21:23 Scout Tower
21:24 Scout Tower
21:25 Scout Tower
21:25 Scout Tower
21:27 Guard Tower
21:29 Scout Tower
21:29 Scout Tower
21:29 Scout Tower
21:30 Scout Tower
21:30 Scout Tower
21:30 Scout Tower
21:36 Guard Tower
21:44 Arcane Sanctum
23:26 Guard Tower
23:32 Guard Tower
23:35 Guard Tower
24:18 Scout Tower
24:19 Scout Tower
24:20 Scout Tower
24:20 Scout Tower
24:21 Scout Tower
24:21 Scout Tower
24:22 Scout Tower
24:24 Scout Tower
24:24 Scout Tower
24:24 Scout Tower
24:25 Scout Tower
24:28 Scout Tower
24:29 Scout Tower
24:29 Scout Tower
24:31 Scout Tower
24:31 Scout Tower
24:34 Scout Tower
24:35 Guard Tower
24:48 Guard Tower
24:54 Guard Tower
25:23 Guard Tower
25:32 Guard Tower
25:36 Scout Tower
25:36 Scout Tower
25:37 Scout Tower
25:37 Scout Tower
25:37 Scout Tower
25:38 Scout Tower
25:39 Scout Tower
25:39 Scout Tower
25:40 Scout Tower
25:45 Scout Tower
25:45 Scout Tower
25:46 Scout Tower
25:47 Scout Tower
25:48 Scout Tower
25:49 Scout Tower
25:50 Scout Tower
25:50 Scout Tower
25:51 Scout Tower
25:51 Scout Tower
25:55 Guard Tower
26:08 Scout Tower
26:09 Scout Tower
26:10 Scout Tower
26:10 Scout Tower
26:12 Scout Tower
26:12 Scout Tower
26:14 Scout Tower
26:14 Scout Tower
26:18 Guard Tower
26:20 Scout Tower
26:24 Guard Tower
27:08 Beastiary
27:08 Beastiary
27:09 Beastiary
27:13 Voodoo Lounge
27:20 Orc Burrow
27:37 Guard Tower
28:43 Guard Tower
28:56 Guard Tower
31:06 Scout Tower
31:07 Scout Tower
31:07 Scout Tower
31:07 Scout Tower
31:08 Scout Tower
31:08 Scout Tower
33:50 Guard Tower
34:10 Scout Tower
34:10 Scout Tower
34:10 Scout Tower
34:11 Scout Tower
34:12 Scout Tower
34:12 Scout Tower
34:12 Scout Tower
34:13 Scout Tower
34:13 Scout Tower
34:13 Scout Tower
35:13 Guard Tower
36:05 Guard Tower
37:02 Guard Tower
40:57 Scout Tower
40:57 Scout Tower
40:58 Scout Tower
40:58 Scout Tower
40:59 Scout Tower
41:01 Scout Tower
41:02 Scout Tower
41:05 Scout Tower
41:06 Scout Tower
41:08 Scout Tower
41:09 Scout Tower
41:35 Lumber Mill
43:17 Guard Tower
43:17 Guard Tower
51:14 Farm
51:14 Farm
51:14 Farm
69:59 Gryphon Aviary
69:59 Gryphon Aviary
70:00 Gryphon Aviary
70:00 Gryphon Aviary
70:01 Gryphon Aviary
70:02 Gryphon Aviary
70:05 Town Hall
70:11 Town Hall
70:17 Farm
70:17 Farm
70:18 Farm
70:18 Farm
70:18 Farm
70:19 Farm
70:19 Farm
70:22 Blacksmith
71:26 Farm
71:26 Farm
» items
                
                | Scroll of Regeneration | 6 |  | 
| Ivory Tower | 12 |  | 
| Tome of Retraining | 2 |  | 
| Boots of Speed | 3 |  | 
| Potion of Invisibility | 2 |  | 
| Staff of Teleportation | 2 |  | 
| Lesser Clarity Potion | 1 |  | 
| Potion of Lesser Invulnerability | 9 |  | 
| Scroll of Town Portal | 4 |  | 
| Healing Salve | 1 |  | 
| Potion of Healing | 4 |  | 
| Potion of Mana | 2 |  | 
| Dust of Appearance | 2 |  | 
| Periapt of Vitality | 1 |  | 
                51 total
  
               
              
              
» 
DrAc0lysH (
teal | 51 APM | 3755 actions | 73:14)
              
 9 Blademaster 
 3 Wind Walk
 3 Critical Strike
 1 Bladestorm
 2 Mirror Image
 5 Tauren Chieftain 
 3 Endurance Aura
 2 War Stomp
 3 Shadow Hunter 
 2 Healing Wave
 1 Serpent Ward
 
                » actions 
                
                | Build / train | 88 |  | 
| Enter build submenu | 21 |  | 
| Enter hero's abilities submenu | 17 |  | 
| Give item / drop item | 9 |  | 
| Remove unit from queue | 1 |  | 
| Right click | 2724 |  | 
| Select / deselect | 747 |  | 
| Use ability | 147 |  | 
                3755 total
 » units 
                
                | Peon | 12 |  | 
| Troll Headhunter/Berserker | 19 |  | 
| Shaman | 5 |  | 
| Wind Rider | 4 |  | 
                40 total
 » upgrades
                
                | Melee Weapons | 1 |  | 
| Armor | 3 |  | 
| Troll Regeneration | 1 |  | 
| Ranged Weapons | 3 |  | 
| Berserker Upgrade | 1 |  | 
| Shaman Training | 2 |  | 
| Envenomed Spears | 1 |  | 
                12 total
 » buildings
                
                | Orc Burrow | 9 |  | 
| Altar of Storms | 1 |  | 
| War Mill | 1 |  | 
| Voodoo Lounge | 1 |  | 
| Barracks | 2 |  | 
| Stronghold | 2 |  | 
| Fortress | 1 |  | 
| Spirit Lodge | 1 |  | 
| Great Hall | 1 |  | 
| Beastiary | 3 |  | 
                22 total
 » build order
                00:10 Orc Burrow
00:15 Altar of Storms
01:05 War Mill
01:20 Orc Burrow
02:47 Voodoo Lounge
02:59 Barracks
03:33 Orc Burrow
03:58 Stronghold
04:41 Orc Burrow
05:22 Barracks
05:40 Orc Burrow
06:54 Fortress
07:11 Orc Burrow
11:11 Spirit Lodge
13:41 Orc Burrow
19:35 Great Hall
20:17 Orc Burrow
24:05 Orc Burrow
24:31 Beastiary
24:34 Beastiary
25:03 Beastiary
» items
                
                | Healing Salve | 2 |  | 
| Lesser Clarity Potion | 1 |  | 
| Scroll of Speed | 1 |  | 
| Potion of Healing | 1 |  | 
| Orb of Fire | 1 |  | 
| Orb of Lightning | 2 |  | 
| Scroll of Regeneration | 1 |  | 
| Periapt of Vitality | 2 |  | 
                11 total
  
               
              
              
swampdog (
purple | 23 APM | 1710 actions | 73:14)
              
 5 Mountain King 
 2 Storm Bolt
 2 Thunder Clap
 1 Bash
 
                » actions 
                
                | Assign group hotkey | 83 |  | 
| Basic commands | 60 |  | 
| Build / train | 80 |  | 
| Enter build submenu | 35 |  | 
| Enter hero's abilities submenu | 5 |  | 
| Remove unit from queue | 5 |  | 
| Right click | 895 |  | 
| Select / deselect | 414 |  | 
| Select group hotkey | 63 |  | 
| Use ability | 70 |  | 
                1710 total
 » units 
                
                | Peasant | 14 |  | 
| Gryphon Rider | 17 |  | 
| Mortar Team | 17 |  | 
                48 total
 » upgrades
                
                | Lumber Harvesting | 2 |  | 
| Swords | 3 |  | 
| Armor | 3 |  | 
| Storm Hammers | 1 |  | 
| Plating | 0 |  | 
| Gunpowder | 3 |  | 
| Fragmentation Shards | 1 |  | 
                13 total
 » buildings
                
                | Farm | 13 |  | 
| Lumber Mill | 1 |  | 
| Scout Tower | 6 |  | 
| Keep | 1 |  | 
| Guard Tower | 6 |  | 
| Blacksmith | 1 |  | 
| Gryphon Aviary | 3 |  | 
| Altar of Kings | 1 |  | 
| Castle | 1 |  | 
| Town Hall | 1 |  | 
| Workshop | 2 |  | 
                36 total
 » build order
                00:37 Farm
01:05 Lumber Mill
01:19 Scout Tower
01:25 Farm
01:54 Scout Tower
02:21 Keep
02:30 Scout Tower
02:38 Guard Tower
02:56 Farm
02:58 Guard Tower
03:34 Farm
03:36 Scout Tower
03:51 Blacksmith
04:01 Guard Tower
04:06 Guard Tower
04:10 Scout Tower
04:15 Farm
04:38 Guard Tower
04:42 Scout Tower
05:09 Farm
05:14 Gryphon Aviary
05:41 Guard Tower
06:07 Altar of Kings
06:55 Castle
07:09 Farm
08:04 Farm
08:20 Gryphon Aviary
09:14 Gryphon Aviary
09:42 Farm
11:00 Farm
11:07 Farm
13:24 Town Hall
18:10 Workshop
18:46 Workshop
20:34 Farm
24:57 Farm
 
               
              
              
karshah (
pink | 33 APM | 884 actions | 26:59)
              
 5 Blademaster 
 1 Mirror Image
 3 Critical Strike
 1 Wind Walk
 2 Tauren Chieftain 
 1 War Stomp
 1 Shockwave
 
                » actions 
                
                | Assign group hotkey | 12 |  | 
| Basic commands | 17 |  | 
| Build / train | 68 |  | 
| Enter build submenu | 15 |  | 
| Enter hero's abilities submenu | 7 |  | 
| Give item / drop item | 4 |  | 
| Right click | 237 |  | 
| Select / deselect | 252 |  | 
| Select group hotkey | 236 |  | 
| Use ability | 36 |  | 
                884 total
 » units 
                
                | Peon | 13 |  | 
| Grunt | 6 |  | 
| Tauren | 14 |  | 
| Raider | 5 |  | 
                38 total
 » upgrades
                
                | Melee Weapons | 3 |  | 
| Berserker Strength | 1 |  | 
| Pulverize | 1 |  | 
| Ensnare | 1 |  | 
                6 total
 » buildings
                
                | Orc Burrow | 6 |  | 
| Altar of Storms | 1 |  | 
| Barracks | 1 |  | 
| War Mill | 1 |  | 
| Stronghold | 1 |  | 
| Great Hall | 1 |  | 
| Fortress | 2 |  | 
| Voodoo Lounge | 1 |  | 
| Tauren Totem | 2 |  | 
| Beastiary | 1 |  | 
                17 total
 » build order
                00:09 Orc Burrow
00:12 Altar of Storms
01:19 Barracks
01:44 Orc Burrow
03:41 War Mill
03:47 Orc Burrow
04:49 Stronghold
07:13 Great Hall
07:21 Fortress
07:51 Voodoo Lounge
10:12 Tauren Totem
10:17 Tauren Totem
10:58 Orc Burrow
13:01 Orc Burrow
14:09 Orc Burrow
24:49 Beastiary
» items
                
                | Circlet of Nobility | 5 |  | 
| Orb of Lightning | 2 |  | 
| Healing Salve | 2 |  | 
                9 total
  
               team 2 (loser) 
              
              
Judice (
orange | 41 APM | 2758 actions | 67:43)
              
 7 Death Knight 
 3 Death Coil
 3 Unholy Aura
 1 Animate Dead
 6 Lich 
 2 Frost Nova
 3 Frost Armor
 1 Death and Decay
 6 Dreadlord 
 2 Vampiric Aura
 3 Carrion Swarm
 1 Inferno
 
                » actions 
                
                | Assign group hotkey | 54 |  | 
| Basic commands | 16 |  | 
| Build / train | 88 |  | 
| Enter build submenu | 33 |  | 
| Enter hero's abilities submenu | 19 |  | 
| Give item / drop item | 3 |  | 
| Remove unit from queue | 1 |  | 
| Right click | 1595 |  | 
| Select / deselect | 383 |  | 
| Select group hotkey | 372 |  | 
| Use ability | 194 |  | 
                2758 total
 » units 
                
                | Acolyte | 16 |  | 
| Ghoul | 6 |  | 
| Crypt Fiend | 6 |  | 
| Frost Wyrm | 7 |  | 
| Obsidian Statue | 2 |  | 
| Frost Revenant | 1 |  | 
| Meatwagon | 4 |  | 
                42 total
 » upgrades
                
                | Creature Attack | 3 |  | 
| Creature Carapace | 3 |  | 
| Web | 1 |  | 
| Burrow | 1 |  | 
| Freezing Breath | 1 |  | 
| Banshee Training | 2 |  | 
| Destroyer Form | 1 |  | 
| Necromancer Training | 1 |  | 
                13 total
 » buildings
                
                | Altar of Darkness | 2 |  | 
| Ziggurat | 11 |  | 
| Crypt | 1 |  | 
| Tomb of Relics | 1 |  | 
| Graveyard | 1 |  | 
| Halls of the Dead | 1 |  | 
| Black Citadel | 1 |  | 
| Sacrificial Pit | 1 |  | 
| Slaughterhouse | 1 |  | 
| Temple of the Damned | 1 |  | 
| Boneyard | 1 |  | 
| Spirit Tower | 1 |  | 
| Necropolis | 1 |  | 
| Scout Tower | 1 |  | 
                25 total
 » build order
                00:09 Altar of Darkness
00:12 Ziggurat
00:34 Crypt
01:19 Ziggurat
01:37 Tomb of Relics
02:13 Graveyard
03:08 Halls of the Dead
03:31 Ziggurat
05:15 Ziggurat
06:11 Black Citadel
08:16 Sacrificial Pit
08:19 Slaughterhouse
08:23 Temple of the Damned
10:27 Boneyard
10:46 Ziggurat
10:48 Ziggurat
10:49 Ziggurat
10:52 Ziggurat
11:07 Ziggurat
31:26 Spirit Tower
39:10 Ziggurat
39:21 Ziggurat
40:59 Necropolis
44:10 Scout Tower
66:22 Altar of Darkness
» items
                
                | Rod of Necromancy | 1 |  | 
| Orb of Corruption | 1 |  | 
| Scroll of Healing | 1 |  | 
| Scroll of Town Portal | 1 |  | 
| Potion of Mana | 1 |  | 
| Dust of Appearance | 2 |  | 
                7 total
  
               
              
              
leader-12 (
blue | 47 APM | 3441 actions | 73:14)
              
 5 Tauren Chieftain 
 3 Endurance Aura
 2 War Stomp
 
                » actions 
                
                | Basic commands | 13 |  | 
| Build / train | 48 |  | 
| ESC pressed | 1 |  | 
| Enter build submenu | 26 |  | 
| Enter hero's abilities submenu | 5 |  | 
| Give item / drop item | 1 |  | 
| Remove unit from queue | 1 |  | 
| Right click | 2539 |  | 
| Select / deselect | 603 |  | 
| Use ability | 203 |  | 
                3441 total
 » units 
                
                | Peon | 9 |  | 
| Tauren | 5 |  | 
| Ice Troll Berserker | 1 |  | 
| Demolisher | 3 |  | 
| Troll Batrider | 6 |  | 
                24 total
 » upgrades
                
                | Armor | 3 |  | 
| Melee Weapons | 3 |  | 
| Pulverize | 1 |  | 
| Spiked Barricades | 1 |  | 
| Reinforced Defenses | 1 |  | 
| Burning Oil | 1 |  | 
| Liquid Fire | 1 |  | 
| Ranged Weapons | 1 |  | 
                12 total
 » buildings
                
                | Altar of Storms | 1 |  | 
| Orc Burrow | 8 |  | 
| War Mill | 1 |  | 
| Stronghold | 1 |  | 
| Fortress | 1 |  | 
| Tauren Totem | 2 |  | 
| Voodoo Lounge | 1 |  | 
| Watch Tower | 2 |  | 
| Barracks | 1 |  | 
| Beastiary | 2 |  | 
| Altar of Darkness | 1 |  | 
| Ziggurat | 1 |  | 
                22 total
 » build order
                00:06 Altar of Storms
00:08 Orc Burrow
01:07 Orc Burrow
01:31 War Mill
02:43 Stronghold
05:29 Fortress
08:06 Tauren Totem
08:08 Tauren Totem
08:12 Orc Burrow
08:17 Orc Burrow
09:12 Orc Burrow
09:22 Orc Burrow
10:27 Voodoo Lounge
10:29 Watch Tower
12:43 Orc Burrow
12:46 Watch Tower
13:52 Orc Burrow
18:08 Barracks
32:03 Beastiary
32:06 Beastiary
68:39 Altar of Darkness
70:37 Ziggurat
» items
                
                | Boots of Speed | 1 |  | 
| Scroll of Healing | 1 |  | 
| Staff of Teleportation | 1 |  | 
                3 total
  
               
              
              
SMALLS428 (
green | 32 APM | 1392 actions | 42:52)
              
 9 Archmage 
 2 Summon Water Elemental
 3 Blizzard
 3 Brilliance Aura
 1 Mass Teleport
 
                » actions 
                
                | Assign group hotkey | 74 |  | 
| Build / train | 105 |  | 
| Enter build submenu | 26 |  | 
| Enter hero's abilities submenu | 11 |  | 
| Give item / drop item | 1 |  | 
| Right click | 386 |  | 
| Select / deselect | 430 |  | 
| Select group hotkey | 249 |  | 
| Use ability | 110 |  | 
                1392 total
 » units 
                
                | Peasant | 25 |  | 
| Priest | 9 |  | 
| Sorceress | 9 |  | 
| Gryphon Rider | 15 |  | 
| Mortar Team | 11 |  | 
| Dragonhawk Rider | 1 |  | 
                70 total
 » upgrades
                
                | Lumber Harvesting | 2 |  | 
| Sorceress Training | 2 |  | 
| Priest Training | 1 |  | 
| Storm Hammers | 1 |  | 
| Swords | 1 |  | 
| Armor | 1 |  | 
| Barrage | 1 |  | 
| Cloud | 1 |  | 
                10 total
 » buildings
                
                | Farm | 10 |  | 
| Keep | 1 |  | 
| Altar of Kings | 1 |  | 
| Lumber Mill | 1 |  | 
| Blacksmith | 1 |  | 
| Arcane Sanctum | 2 |  | 
| Castle | 1 |  | 
| Gryphon Aviary | 2 |  | 
| Town Hall | 2 |  | 
| Workshop | 1 |  | 
| Arcane Vault | 1 |  | 
| Scout Tower | 2 |  | 
| Guard Tower | 1 |  | 
                26 total
 » build order
                00:40 Farm
01:39 Keep
01:56 Altar of Kings
02:15 Farm
02:38 Lumber Mill
03:11 Blacksmith
04:02 Arcane Sanctum
04:18 Arcane Sanctum
05:23 Castle
05:39 Farm
05:48 Farm
06:17 Gryphon Aviary
06:37 Farm
06:45 Gryphon Aviary
07:04 Farm
07:47 Farm
08:42 Farm
10:06 Town Hall
10:58 Farm
13:24 Farm
15:43 Workshop
20:27 Town Hall
21:12 Arcane Vault
22:41 Scout Tower
22:45 Scout Tower
32:37 Guard Tower
» items
                
                | Potion of Lesser Invulnerability | 1 |  | 
| Scroll of Protection | 1 |  | 
| Scroll of Town Portal | 3 |  | 
| Mechanical Critter | 4 |  | 
| Ivory Tower | 3 |  | 
                12 total
  
               
              
              
Dylan- (
red | 52 APM | 2528 actions | 48:41)
              
 5 Archmage 
 3 Summon Water Elemental
 1 Brilliance Aura
 1 Blizzard
 
                » actions 
                
                | Basic commands | 19 |  | 
| Build / train | 103 |  | 
| ESC pressed | 1 |  | 
| Enter build submenu | 27 |  | 
| Enter hero's abilities submenu | 5 |  | 
| Give item / drop item | 1 |  | 
| Remove unit from queue | 6 |  | 
| Right click | 1872 |  | 
| Select / deselect | 443 |  | 
| Use ability | 51 |  | 
                2528 total
 » units 
                
                | Peasant | 32 |  | 
| Footman | 3 |  | 
| Rifleman | 11 |  | 
| Mortar Team | 25 |  | 
| Siege Engine | 7 |  | 
                78 total
 » upgrades
                
                | Gunpowder | 3 |  | 
| Armor | 2 |  | 
| Long Rifles | 1 |  | 
| Barrage | 1 |  | 
| Fragmentation Shards | 1 |  | 
                8 total
 » buildings
                
                | Farm | 11 |  | 
| Altar of Kings | 1 |  | 
| Barracks | 1 |  | 
| Lumber Mill | 2 |  | 
| Blacksmith | 1 |  | 
| Keep | 1 |  | 
| Town Hall | 4 |  | 
| Workshop | 4 |  | 
| Arcane Vault | 1 |  | 
| Castle | 1 |  | 
                27 total
 » build order
                00:07 Farm
00:11 Altar of Kings
00:57 Barracks
01:25 Lumber Mill
02:41 Farm
02:51 Lumber Mill
02:54 Blacksmith
03:53 Farm
05:16 Farm
05:56 Farm
07:06 Farm
07:20 Keep
08:55 Town Hall
09:04 Town Hall
09:26 Farm
10:46 Farm
11:15 Workshop
11:23 Workshop
11:28 Farm
12:09 Farm
13:25 Arcane Vault
13:45 Castle
15:21 Farm
25:02 Town Hall
27:18 Workshop
28:48 Workshop
42:46 Town Hall
» items
                
                | Rod of Necromancy | 1 |  | 
| Potion of Healing | 1 |  | 
| Scroll of Healing | 1 |  | 
                3 total
  
                Chat log
          (00:25 / Allies) swampdog: tech to gryph
(00:29 / Allies) towerrushorquit: towering midmap
(00:48 / Allies) swampdog: get er done
(03:01 / Allies) karshah: h
(03:02 / Allies) towerrushorquit: dont tower there
(03:03 / Allies) towerrushorquit: dude
(03:06 / Allies) DrAc0lysH: lol
(03:14 / Allies) swampdog: i know what im doing
(03:20 / Allies) towerrushorquit: can u explain?
(03:29 / Allies) swampdog: no but i got it
(07:30 / Allies) swampdog: can i have this
(07:31 / Allies) towerrushorquit: now rememver if they beat the tower wall it will be a 3v4 with them a little tomed up
(07:38 / Allies) karshah: no
(09:56 / Allies) swampdog: thats a lot of towers
(11:21 / Allies) towerrushorquit: u guys dont need expos to win?
(11:37 / Allies) swampdog: im going atfer that one in a minute
(13:54 / Allies) towerrushorquit: they found it at last
(14:25 / Allies) karshah: gold plz
(14:56 / Allies) swampdog: coming
(15:49 / Allies) towerrushorquit: we need siege
(16:13 / Allies) towerrushorquit: weeeebbbbb
(16:15 / Allies) towerrushorquit: brick
(16:17 / Allies) towerrushorquit: brcik
(17:18 / Allies) towerrushorquit: back
(17:20 / Allies) towerrushorquit: wow
(18:00 / Allies) towerrushorquit: need siege not meat
(18:30 / Allies) swampdog: tank or mortars
(18:34 / Allies) towerrushorquit: mortars
(19:22 / Allies) towerrushorquit: stop feeding hh
(19:48 / Allies) towerrushorquit: holy shit u fe4d him to 6
(19:50 / Allies) towerrushorquit: tghis is gonna be fun
(20:18 / Allies) towerrushorquit: WEB
(20:18 / Allies) towerrushorquit: WEB
(20:19 / Allies) towerrushorquit: BRICK
(20:20 / Allies) towerrushorquit: BRICK
(20:30 / Allies) towerrushorquit: TAURENS
(20:30 / Allies) towerrushorquit: BRICK
(20:55 / All) Dylan-: rofl
(21:41 / Allies) towerrushorquit: ZZZZ
(21:56 / Allies) towerrushorquit: WOW
(21:59 / Allies) towerrushorquit: STORMBOLT MUCH?
(22:04 / Allies) towerrushorquit: THAT WASNT A TP SCROLL...
(22:05 / Allies) towerrushorquit: NOOB
(22:19 / Allies) towerrushorquit: NO AA THERE
(22:20 / Allies) towerrushorquit: WORK FAST
(22:29 / Allies) towerrushorquit: OMFG
(23:13 / Allies) towerrushorquit: GOD DAMN U ARE BAD
(23:53 / Allies) towerrushorquit: KILL THAT
(23:55 / Allies) towerrushorquit: SO HE CANT TP TO IT
(24:02 / Allies) towerrushorquit: KILL HIS STUFF
(24:04 / Allies) towerrushorquit: ON THIS SIDE
(24:05 / Allies) towerrushorquit: U DIIOTS
(24:31 / All) leader-12: wel gg
(24:35 / All) towerrushorquit: ?
(24:44 / All) leader-12: u loose
(24:48 / All) towerrushorquit: Y
(24:50 / All) towerrushorquit: MY TEAM IS VB
(24:56 / All) leader-12: vb ?
(25:05 / Allies) swampdog: mortar team up and reDY
(25:20 / All) leader-12: gg
(25:27 / All) towerrushorquit: its not over yet
(25:53 / All) Judice: no its over
(26:01 / All) towerrushorquit: chat team when u say gg then
(26:05 / All) towerrushorquit: cuz we dont care
(26:47 / Allies) towerrushorquit: stop suiciding
(26:59 / All) Judice: D
(27:02 / All) Judice: gg
(27:38 / Allies) towerrushorquit: careful this tiem
(27:47 / Allies) towerrushorquit: mveo ur morts back
(27:49 / Allies) towerrushorquit: he kililen em
(29:50 / Allies) towerrushorquit: careful
(32:44 / Allies) towerrushorquit: b
(34:14 / All) SMALLS428: my team to fucking noob to get mortars
(34:20 / All) towerrushorquit: "gg"?
(34:50 / Allies) swampdog: get um pink
(39:10 / All) leader-12: :)
(40:50 / Allies) towerrushorquit: ur morts...
(41:00 / Allies) swampdog: they are gone
(41:12 / Allies) swampdog: give me a little gold ill make more
(41:21 / Allies) towerrushorquit: u lost 12 to negligence
(41:22 / Allies) towerrushorquit: no thx
(41:50 / All) leader-12: ahahaahha
(42:30 / All) leader-12: when u kill mortar u  help my team
(42:31 / All) leader-12: noob
(42:32 / All) leader-12: rofl
(42:36 / All) towerrushorquit: "ok"
(42:39 / All) towerrushorquit: make more so i can kill
(42:50 / All) leader-12: oj   undeadd him
(42:52 / All) leader-12: and u cant kill
(42:59 / All) towerrushorquit: oh boy
(43:02 / All) towerrushorquit: and then they run out of time
(43:05 / All) towerrushorquit: and u have no more morts
(43:07 / All) towerrushorquit: ))
(44:09 / Allies) swampdog: mortar team is back
(45:58 / All) Dylan-: hahah gg
(46:05 / All) Dylan-: nobody will win
(46:29 / All) Dylan-: we both have
(46:32 / All) Dylan-: massive armies
(46:35 / All) Dylan-: on each side
(46:38 / All) towerrushorquit: team chat
(46:40 / All) towerrushorquit: dont bother us with it
(46:43 / All) towerrushorquit: or with ur "gg"
(46:43 / All) Dylan-: nope
(46:45 / All) towerrushorquit: not interested
(46:49 / All) Dylan-: nobody gonna win
(46:52 / All) Dylan-: so I'm just going to afk
(47:01 / All) towerrushorquit: i totally believe you
(47:03 / All) towerrushorquit: lets see your afk
(47:11 / All) towerrushorquit: haha
(47:12 / All) towerrushorquit: very afk
(47:14 / All) towerrushorquit: nerd
(47:38 / All) towerrushorquit: rofl
(47:47 / Allies) towerrushorquit: if he uses lichs ultimate
(47:49 / Allies) towerrushorquit: uit willb e ugly
(48:45 / All) towerrushorquit: lol
(49:16 / All) leader-12: we are in the game like 1 hour
(49:28 / All) leader-12: and that gonna be continued ffor another 1 hour
(49:32 / All) towerrushorquit: nah
(49:34 / All) towerrushorquit: we will win in like
(49:35 / All) towerrushorquit: 20 mins
(49:39 / All) leader-12: no
(49:50 / All) towerrushorquit: ur chatty boy lost confidence
(50:12 / All) leader-12: oj hav 1 k
(50:14 / All) leader-12: 10k 
(50:17 / All) leader-12: u know
(50:20 / All) towerrushorquit: rofl
(50:21 / All) towerrushorquit: more noob lies
(50:29 / All) leader-12: lies ?.
(50:33 / All) towerrushorquit: yep
(50:34 / All) towerrushorquit: nooob lies
(50:41 / All) leader-12: not a lie he is dont have lost army like  the begin
(50:44 / All) leader-12: he is got 10 k
(51:02 / All) leader-12: LOL
(51:04 / All) leader-12: rofl
(51:04 / All) Judice: GG NOW
(51:13 / All) Judice: im not attacking but gg
(51:22 / Allies) towerrushorquit: back ur morts
(51:26 / Allies) towerrushorquit: ur rsiking xp and army
(51:30 / Allies) towerrushorquit: agaisnt usel;ess buildings
(51:31 / All) Judice: 3 lvl 6 ud heros = gg no matter wat
(51:45 / All) Judice: im not attacking towers but no army can beat me
(51:58 / All) towerrushorquit: u chat like ur leaver friend
(51:59 / All) towerrushorquit: zzzz
(52:18 / All) towerrushorquit: i doubt you have 10k when you sat around in high upkeep twiddling your penis for half an hour
(54:27 / Allies) towerrushorquit: shade
(54:36 / All) leader-12: gg
(54:37 / All) leader-12: :)
(54:38 / All) towerrushorquit: gg
(54:40 / All) towerrushorquit: "gg"
(54:42 / All) towerrushorquit: GGGGGG
(54:44 / All) leader-12: :p
(54:59 / Allies) towerrushorquit: i got bolt for his death and decay
(55:04 / Allies) towerrushorquit: hes too noob to use it anyway
(55:27 / Allies) towerrushorquit: dont feed
(55:28 / Allies) towerrushorquit: wtf
(55:48 / All) towerrushorquit: klol
(55:54 / All) towerrushorquit: 10k and u uynsommon?
(56:48 / All) towerrushorquit: i have 3500
(56:50 / All) towerrushorquit: 5000 in mine
(56:51 / All) towerrushorquit: low upkeep
(56:59 / All) towerrushorquit: and i dont lie like you
(57:00 / All) towerrushorquit: ;)
(58:18 / Allies) swampdog: they killing each other
(58:55 / Allies) swampdog: i have an income
(58:59 / Allies) swampdog: hehe
(59:15 / All) leader-12: 20 minute yellow ?
(59:18 / All) leader-12: 40  minute ok ?
(59:19 / Allies) towerrushorquit: creeps there
(59:23 / All) towerrushorquit: gg
(59:24 / All) leader-12: or  50
(59:31 / All) leader-12: gg :)
(59:36 / All) leader-12: in 40 minute
(59:41 / Allies) swampdog: lol
(59:42 / All) Judice: oj a bot oj a bot oj a bot oj abot
(59:45 / Allies) swampdog: snatch
(62:15 / Allies) swampdog: if u kill those feinds i can take those wyrms
(62:24 / Allies) towerrushorquit: the heros are all that matter
(64:03 / All) leader-12: OWNAGE
(64:14 / Allies) swampdog: gryphs come to own
(64:47 / All) leader-12: ahhaha
(65:19 / All) towerrushorquit: i see thru ur laughter
(65:20 / All) towerrushorquit: i see the pain
(66:43 / All) towerrushorquit: lol
(66:48 / All) towerrushorquit: unsummoning @ upkeep must be fun
(66:51 / All) leader-12: wow u kill my farm stop pls
(67:28 / All) towerrushorquit: any more noob trash talk?
(67:40 / All) Judice: check the score
(67:45 / All) towerrushorquit: kik
(67:47 / All) towerrushorquit: ROFL
(68:10 / Allies) towerrushorquit: u can take him
(68:10 / Allies) towerrushorquit: dont run
(68:58 / All) towerrushorquit: leave?
(69:16 / All) leader-12: why ?
(69:24 / All) towerrushorquit: so you can go lose another?
(69:31 / All) leader-12: nope :)
(69:43 / All) towerrushorquit: ur allies were horrible huh? ;)
(69:46 / All) leader-12: Im gonna make taht long long long for u
(70:34 / All) towerrushorquit: im looking at clock now
(70:36 / All) towerrushorquit: to see how long this will be
(70:41 / All) towerrushorquit: its 4 08
(71:27 / All) swampdog: ivve been stealing gold from you to 
(71:30 / All) swampdog: sucker
(72:18 / All) leader-12: d
(72:19 / All) leader-12: d
(72:37 / All) leader-12: i got a other base in ur side lol
(72:42 / All) towerrushorquit: k
(72:46 / All) towerrushorquit: game wont end till its dead
(72:51 / All) towerrushorquit: 4 10 now